 Dungeon Crawl Stone Soup version 0.29.1-15-g9cfb28693d (webtiles) character file.

Game seed: 1448869218681565510

125 Achh the Chopper (level 5, -16/42 HPs)
             Began as a Human Berserker on Mar 14, 2023.
             Was a Follower of Elyvilon.
             Demolished by a polar bear (19 damage)
             ... created by the rage of Trog
             ... on level 4 of the Dungeon.
             The game lasted 00:13:26 (2143 turns).

Achh the Chopper (Human Berserker)                  Turns: 2143, Time: 00:13:28

Health: -16/42     AC: 14    Str: 19    XL:     5   Next: 30%
Magic:  5/5        EV: 12    Int:  7    God:    Elyvilon [*.....]
Gold:   126        SH:  0    Dex: 13    Spells: 4/4 levels left

rFire   . . .      SeeInvis .   a - +1 hand axe (protect)
rCold   . . .      Faith    .   (no shield)
rNeg    . . .      Spirit   .   b - +1 animal skin
rPois   .          Reflect  .   (no helmet)
rElec   .          Harm     .   (no cloak)
rCorr   .          Rampage  .   (no gloves)
Will    +....                   (no boots)
Stlth   ++........              (no amulet)
HPRegen 0.14/turn               c - ring of willpower
MPRegen 0.09/turn               p - +4 ring of protection

@: under a protective aura
A: no striking features
a: Renounce Religion, Purification


You were on level 4 of the Dungeon.
You worshipped Elyvilon.
Elyvilon was aware of your devotion.
You visited 1 branch of the dungeon, and saw 4 of its levels.

You collected 126 gold pieces.

Inventory:

Hand Weapons
 a - a +1 hand axe of protection (weapon)
 m - a +0 dagger
Armour
 b - a +1 animal skin (worn)
Jewellery
 c - a ring of willpower (left hand)
 g - a ring of protection from fire
 p - a +4 ring of protection (right hand)
 r - a ring of positive energy
Scrolls
 f - a scroll of brand weapon
 h - a scroll of enchant weapon
 i - a scroll of amnesia {unknown}
 k - a scroll of noise {unknown}
 s - a scroll of fear
Potions
 d - a potion of haste
 l - 3 potions of heal wounds {unknown}
 n - 3 potions of mutation {unknown}
 o - a potion of attraction {unknown}
 q - a potion of curing {unknown}


   Skills:
 + Level 3.8 Fighting
 + Level 4.4 Axes
 + Level 2.0 Armour
 + Level 2.7 Dodging
 + Level 1.1 Stealth


You had 4 spell levels left.
You didn't know any spells.
Your spell library contained the following spells:

 Spells                   Type           Power      Damage    Failure   Level
 Sublimation of Blood     Necr           0%         N/A       56%         2
 Petrify                  Tmut/Erth      0%         N/A       99%         4
 Irradiate                Conj/Tmut      0%         3d11      100%        5


Dungeon Overview and Level Annotations

Branches:
Dungeon (4/15)
 Temple: D:4-7

Altars:
Elyvilon
Nemelex Xobeh
Ru

Shops:
D:2 !


Message History

The black bear claws you but does no damage.
The polar bear bites you!
* * * LOW HITPOINT WARNING * * *
The polar bear barely misses you.
The polar bear claws you but does no damage.
The black bear bites you! Elyvilon protects you from harm!
The black bear claws you.
* * * LOW HITPOINT WARNING * * *
The black bear claws you but does no damage.
The black bear rages.
The polar bear bites you but does no damage.
The polar bear barely misses you.
The polar bear claws you but does no damage.
The black bear bites you but does no damage.
The black bear closely misses you. x2
You hit the black bear.
The black bear is lightly wounded.
You hit the polar bear but do no damage.
You barely miss the polar bear.
The black bear bites you but does no damage.
The black bear barely misses you.
The black bear claws you but does no damage.
The polar bear barely misses you.
The polar bear claws you but does no damage. x2
The polar bear barely misses you. x2; The polar bear closely misses you.
You bump into the rock wall.
You feel less confused.
The black bear rages.
The black bear bites you.
* * * LOW HITPOINT WARNING * * *
The black bear claws you but does no damage.
The black bear claws you.
* * * LOW HITPOINT WARNING * * *
The polar bear bites you but does no damage.
The polar bear barely misses you. The polar bear misses you.
The polar bear closely misses you.
The polar bear claws you but does no damage.
The polar bear barely misses you. The polar bear bites you!!
You die...

#....####### # #...## ##
#...# #.
#..################## #.
##....................
##
#...#(..#.).#...#...#.
#........))...........
#...##...#.).#hhh#...#.
....##.......hhh@.......
...#####################
..# .. .. ..


You could see 2 polar bears and 4 black bears.

Vanquished Creatures
  An iguana (D:4)
  An orc wizard (D:4)
  An adder (D:3)
  A shadow imp (D:3)
  A worm (D:2)
  4 dart slugs
  3 orcs (D:4)
  A ball python (D:1)
  3 bats (D:1)
  5 endoplasms
  3 giant cockroaches
  4 goblins
  3 hobgoblins
  3 jackals (D:1)
  4 kobolds
  A quokka (D:1)
  4 rats
43 creatures vanquished.

Notes
Turn   | Place    | Note
-------+----------+-------------------------------------------
     0 | D:1      | Achh the Human Berserker began the quest for the Orb.
     0 | D:1      | Reached XP level 1. HP: 18/18 MP: 1/1
   132 | D:1      | Reached XP level 2. HP: 20/24 MP: 2/2
   260 | D:1      | Reached XP level 3. HP: 21/29 MP: 3/3
   408 | D:1      | Reached ** piety under Trog
   518 | D:2      | Found Ihurr's Distillery.
   893 | D:2      | Found a faded altar of an unknown god.
   910 | D:2      | Prayed at the altar of an unknown god.
   910 | D:2      | Fell from the grace of Trog
   910 | D:2      | Became a worshipper of Nemelex Xobeh the Trickster
   910 | D:2      | Reached * piety under Nemelex Xobeh
  1098 | D:2      | Received a gift from Nemelex Xobeh
  1463 | D:3      | Found a white marble altar of Elyvilon.
  1473 | D:3      | Fell from the grace of Nemelex Xobeh
  1473 | D:3      | Became a worshipper of Elyvilon the Healer
  1483 | D:3      | Reached XP level 4. HP: 36/36 MP: 4/4
  1960 | D:4      | Reached * piety under Elyvilon
  1974 | D:4      | Found a sacrificial altar of Ru.
  2107 | D:4      | Reached skill level 4 in Axes
  2134 | D:4      | Reached XP level 5. HP: 28/42 MP: 5/5
  2137 | D:4      | Reached skill level 1 in Stealth
  2137 | D:4      | Noticed a polar bear
  2137 | D:4      | Noticed a black bear
  2137 | D:4      | Noticed a black bear
  2137 | D:4      | Noticed a black bear
  2137 | D:4      | Noticed a black bear
  2137 | D:4      | Noticed a polar bear
  2141 | D:4      | Elyvilon protects you from harm!
  2143 | D:4      | Demolished by a polar bear

Illustrated notes

Levels and vault maps discovered:
D:1:      lightli_arrival_farm, layout_rooms
D:2:      layout_loops_corners, serial_shops, nicolae_shop_waterfront,
          hellmonk_ecumenical_altar_zigzags
D:3:      layout_basic, mainiacjoe_overflow_cross_hatched
D:4:      layout_layer_cave, nicolae_uskayaw_murder_on_the_dancefloor,
          nicolae_ru_path_of_blood, lemuel_coloured_pillars_altar

Skill      XL: |  1  2  3  4  5 |
---------------+----------------+-----
Axes           | 4 |  4.4
Stealth        | 1 |  1.1
Fighting       | |  3.8
Armour         | |  2.0
Dodging        | |  2.7

Action                   |  1- 3 |  4- 6 || total
-------------------------+-------+-------++-------
Melee: Hand axe          |    82 |    38 ||   120
       Punch             |       |     1 ||     1
  Use: Scroll            |     6 |       ||     6
       Potion            |     1 |     2 ||     3
 Stab: Distracted        |     1 |       ||     1
       Sleeping          |     1 |       ||     1
Armor: Animal skin       |    29 |    35 ||    64
Dodge: Dodged            |    66 |    38 ||   104
